 Dungeon Crawl Stone Soup version 0.28.0-45-g0d030f2227 (webtiles) character file.

Game seed: 15152684563041494796

1304 Icepheonix32 the Shield-Bearer (level 8, -1/62 HPs)
             Began as a Demonspawn Fighter on Apr 7, 2022.
             Was a Believer of Okawaru.
             Engulfed by a steam dragon's steam (10 damage)
             ... on level 6 of the Dungeon.
             The game lasted 00:05:14 (5879 turns).

Icepheonix32 the Shield-Bearer (Demonspawn Fighter) Turns: 5879, Time: 00:05:15

Health: -1/62      AC: 10    Str: 17    XL:     8   Next: 31%
Magic:  8/8        EV: 10    Int: 10    God:    Okawaru [**....]
Gold:   373        SH:  5    Dex: 14    Spells: 7/7 levels left

rFire   . . .      SeeInvis .   a - +0 long sword
rCold   . . .      Faith    .   c - +0 buckler
rNeg    . . .      Spirit   .   b - +0 scale mail
rPois   .          Reflect  .   (no helmet)
rElec   .          Harm     .   j - +0 cloak
rCorr   .          Rampage  .   (no gloves)
Will    .....                   (no boots)
Stlth   ..........              (no amulet)
HPRegen 0.20/turn               (no ring)
MPRegen 0.22/turn               (no ring)

@: brilliant
A: yellow scales 1, icemail 1, magic regeneration, condensation shield
a: Renounce Religion, Heroism


You were on level 6 of the Dungeon.
You worshipped Okawaru.
Okawaru was pleased with you.
You visited 2 branches of the dungeon, and saw 7 of its levels.

You collected 373 gold pieces.

Inventory:

Hand Weapons
 a - a +0 long sword (weapon)
 o - a +0 dagger of speed
Missiles
 f - 9 poisoned darts (quivered)
 s - 2 throwing nets
 t - 5 javelins
 x - 2 boomerangs
Armour
 b - a +0 scale mail (worn)
 c - a +0 buckler (worn)
 j - a +0 cloak (worn)
Jewellery
 n - a ring of fire
Scrolls
 d - 2 scrolls of immolation {unknown}
 h - a scroll of silence {unknown}
 i - a scroll of enchant armour {unknown}
 k - 3 scrolls of identify {unknown}
 m - a scroll of acquirement {unknown}
 p - 2 scrolls of vulnerability {unknown}
 q - a scroll of noise {unknown}
 r - a scroll of fear {unknown}
 u - a scroll of teleportation {unknown}
 v - 2 scrolls of blinking {unknown}
 w - a scroll of amnesia {unknown}
 y - a scroll of fog {unknown}
Potions
 e - 2 potions of flight
 l - a potion of curing


   Skills:
 + Level 5.1 Fighting
 - Level 2.0 Long Blades
 + Level 0.2 Throwing
 + Level 5.3 Armour
 + Level 3.3 Dodging
 + Level 1.1 Stealth
 * Level 6.3 Shields


You had 7 spell levels left.
You didn't know any spells.
Your spell library was empty.

Dungeon Overview and Level Annotations

Branches:
Dungeon (6/15)             Temple (1/1) D:4

Altars:
Ashenzari
Cheibriados
Dithmenos
Kikubaaqudgha
Makhleb
Nemelex Xobeh
Okawaru
Qazlal
Trog
Uskayaw
Wu Jian
Xom
Zin

Shops:
D:5 [


Innate Abilities, Weirdness & Mutations

You are partially covered in yellow scales. (AC +2)
A meltable icy envelope protects you from harm. (AC +0)
You regenerate magic rapidly.
A meltable shield of frost defends you. (SH +0)


Message History

You block the ice beast's attack.
You hit the ice beast.
The ice beast is heavily wounded.
You block the ice beast's attack. x2
You hit the ice beast.
The ice beast is severely wounded.
The ice beast hits you. The ice beast freezes you!
You hit the ice beast.
The ice beast is almost dead.
The ice beast hits you. The ice beast freezes you!
* * * LOW HITPOINT WARNING * * *
You hit the ice beast.
The ice beast is almost dead.
The ice beast hits you but does no damage.
The ice beast barely misses you.
You slash the ice beast!
You kill the ice beast!
Okawaru accepts your kill.
Okay, then.
You hit the steam dragon.
The steam dragon is lightly wounded.
The steam dragon barely misses you. You block the steam dragon's attack.
The steam dragon breathes steam at you. The ball of steam misses you.
You hit the steam dragon but do no damage.
The steam dragon is lightly wounded.
You are engulfed in a cloud of scalding steam.
Your icy defenses dissipate!
* * * LOW HITPOINT WARNING * * *
The steam dragon completely misses you. The steam dragon claws you.
* * * LOW HITPOINT WARNING * * *
Okay, then.
You feel better. The steam dragon breathes steam at you.
The ball of steam hits you!
* * * LOW HITPOINT WARNING * * *
You closely miss the steam dragon.
The steam dragon is lightly wounded.
You are engulfed in a cloud of scalding steam.
You die...

### #.. #.# #§# ### #@# #.#
#D# #.# ##### #†# #.#
.....#####.###.########
.....................
######.#####.###.#########
.........................#
#
.............###.#######.##
# ......†####### #.# #..# #


You could see a steam dragon.

Vanquished Creatures
  Sigmund (D:5)
  2 water moccasins
  An ice beast (D:6)
  A sky beast (D:5)
  A necrophage (D:4)
  A scorpion (D:6)
  A water moccasin zombie (D:5)
  A water moccasin skeleton (D:5)
  2 howler monkeys (D:6)
  A bullfrog zombie (D:3)
  3 hounds (D:5)
  3 jellies (D:5)
  An iguana (D:5)
  2 orc wizards (D:4)
  6 adders
  A shadow imp (D:5)
  A white imp (D:6)
  An adder skeleton (D:4)
  2 worms
  3 dart slugs
  14 orcs
  3 ball pythons (D:2)
  4 endoplasms
  6 giant cockroaches
  5 goblins
  5 hobgoblins
  4 jackals
  5 quokkas
  5 bats
  5 frilled lizards
  3 kobolds
  9 rats
103 creatures vanquished.

Vanquished Creatures (others)
  26 plants (D:5)
26 creatures vanquished.

Grand Total: 129 creatures vanquished

Notes
Turn   | Place    | Note
-------+----------+-------------------------------------------
     0 | D:1      | Icepheonix32 the Demonspawn Fighter began the quest for the
                  | Orb.
     0 | D:1      | Reached XP level 1. HP: 18/18 MP: 1/1
   179 | D:1      | Gained mutation: A meltable shield of frost defends you.
                  | (SH +0) [demonic ancestry]
   179 | D:1      | Reached XP level 2. HP: 21/24 MP: 2/2
   334 | D:1      | Reached skill level 3 in Shields
   818 | D:2      | Reached XP level 3. HP: 29/29 MP: 3/3
  1029 | D:2      | Reached skill level 1 in Dodging
  1283 | D:2      | Reached XP level 4. HP: 18/35 MP: 4/4
  2950 | D:4      | Reached skill level 4 in Shields
  2950 | D:4      | Reached XP level 5. HP: 27/41 MP: 5/5
  3215 | D:4      | Found an ornate altar of the Wu Jian Council.
  3215 | D:4      | Noticed a necrophage
  3232 | D:4      | Killed a necrophage
  3233 | D:4      | Gained mutation: You regenerate magic rapidly. [demonic
                  | ancestry]
  3233 | D:4      | Reached XP level 6. HP: 39/48 MP: 6/6
  3317 | D:4      | Found a sparkling altar of Nemelex Xobeh.
  3859 | D:4      | Found a staircase to the Ecumenical Temple.
  3879 | Temple   | Entered the Ecumenical Temple
  4002 | Temple   | Became a worshipper of Warmaster Okawaru
  4086 | D:5      | Entered Level 5 of the Dungeon
  4332 | D:5      | Noticed a water moccasin
  4348 | D:5      | Killed a water moccasin
  4469 | D:5      | Gained mutation: A meltable icy envelope protects you from
                  | harm. (AC +0) [demonic ancestry]
  4469 | D:5      | Reached XP level 7. HP: 32/54 MP: 7/7
  4484 | D:5      | Reached skill level 5 in Shields
  4756 | D:5      | Found a snail-covered altar of Cheibriados.
  4761 | D:5      | Noticed Sigmund
  4774 | D:5      | Killed Sigmund
  4774 | D:5      | Reached * piety under Okawaru
  5126 | D:5      | Found Isoat's Armour Shoppe.
  5200 | D:5      | Reached skill level 5 in Armour
  5200 | D:5      | Reached skill level 1 in Stealth
  5746 | D:6      | Gained mutation: You are partially covered in yellow
                  | scales. (AC +2) [demonic ancestry]
  5746 | D:6      | Reached XP level 8. HP: 61/61 MP: 8/8
  5767 | D:6      | Reached skill level 6 in Shields
  5857 | D:6      | Reached skill level 5 in Fighting
  5874 | D:6      | Reached ** piety under Okawaru
  5879 | D:6      | Engulfed by a steam dragon's steam

Illustrated notes

Levels and vault maps discovered:
D:1:      elethiomel_arrival_quiet, layout_basic, minmay_pentomino_x4
D:2:      layout_rooms, hangedman_decor_diamond_cutter
D:3:      layout_loops_ring, dk_noncrumbling_2, st_stairs_13,
          grunt_decor_one_mirror
D:4:      layout_loops_ring, mainiacjoe_overflow_two_lobes,
          minmay_temple_entry_nine_rooms, fountainhead
D:5:      layout_basic, cheibriados_altar_1, serial_shops, shop,
          serial_bayou_lagoon_a, uniq_sigmund
D:6:      layout_basic, hangedman_decor_peaks_small
Temple:   eino_temple_lava

Skill      XL: |  1  2  3  4  5  6  7  8 |
---------------+-------------------------+-----
Shields        | 3 4 5 6 |  6.3
Long Blades    | 2 |  2.0
Dodging        | 1 2 3 |  3.3
Armour         | 3 4 5 |  5.3
Fighting       | 4 5 |  5.1
Stealth        | 1 |  1.1
Throwing       | |  0.2

Action                   |  1- 3 |  4- 6 |  7- 9 || total
-------------------------+-------+-------+-------++-------
Melee: Long sword        |   118 |   234 |   129 ||   481
Throw: Dart              |     1 |     2 |       ||     3
  Use: Potion            |       |       |     8 ||     8
Armor: Scale mail        |    65 |   120 |    62 ||   247
Dodge: Dodged            |    60 |    76 |    49 ||   185
Block: Buckler           |    56 |   127 |    66 ||   249
